[Event "AUT-ch 2018"]
[Site "Vienna"]
[Date "2018.07.29"]
[Round "9"]
[White "Zojer, Stefan"]
[Black "Trippold, Denise"]
[Result "1-0"]
[ECO "A45"]
[WhiteElo "2108"]
[BlackElo "2138"]
[Annotator "NA"]
[PlyCount "135"]
[EventDate "2018.07.22"]
[EventType "swiss"]
[EventCountry "AUT"]
[SourceTitle "playchess.com"]
[Source "ChessBase"]
[SourceQuality "1"]
[TimeControl "40/5400+30:1800+30"]

1. d4 Nf6 2. Bg5 d5 3. Bxf6 gxf6 4. c4 dxc4 5. e3 c5 6. d5 Qb6 7. Qc2 Bg7 8. Bxc4 O-O 9. Nc3 Qb4 10. Bd3 f5 11. Nge2 c4 12. Bxf5 Bxf5 13. Qxf5 Qxb2 14. Rc1 Na6 15. O-O Nc5 16. Rb1 Qa3 17. Ne4 Nxe4 18. Qxe4 c3 19. Ng3 Rac8 20. Nh5 c2 21. Rbc1 Qc3 22. Nxg7 Kxg7 23. Qxe7 b5 24. e4 Rfe8 25. Qg5+ Kh8 26. d6 Rg8 27. Qf5 Qd4 28. e5 Qd5 29. g3 Qe6 30. Qxe6 fxe6 31. f4 Rc5 32. Rf2 Rgc8 33. f5 Rxe5 34. Rcxc2 Rd8 35. Rc7 exf5 36. Rd2 Ree8 37. Rxa7 Re6 38. d7 Kg7 39. Rd5 Re7 40. Rxb5 Rdxd7 41. Rxd7 Rxd7 42. Rxf5 Kg6 43. Rf2 Rd3 44. a4 Ra3 45. Rf4 Ra2 46. Rh4 h6 47. Kf1 Kg5 48. Ke1 Kg6 49. Kd1 Rg2 50. Kc1 Re2 51. Kb1 Re5 52. Kb2 Re3 53. a5 Re2+ 54. Kb3 Re3+ 55. Kb4 Re6 56. Kb5 Re5+ 57. Kb6 Re6+ 58. Kc7 Rf6 59. Ra4 Rf7+ 60. Kd6 Rf6+ 61. Ke5 Ra6 62. Kd5 h5 63. Kc5 Kg5 64. Kb5 Rf6 65. a6 Rf5+ 66. Kc6 Rf6+ 67. Kd5 Rf5+ 68. Ke4 1-0

[Event "AUT-ch 2018"]
[Site "Vienna"]
[Date "2018.07.29"]
[Round "9"]
[White "Schloffer, Jasmin-Denise"]
[Black "Sadilek, Maximilian"]
[Result "1/2-1/2"]
[ECO "A40"]
[WhiteElo "2102"]
[BlackElo "2224"]
[Annotator "NA"]
[PlyCount "120"]
[EventDate "2018.07.22"]
[EventType "swiss"]
[EventCountry "AUT"]
[SourceTitle "playchess.com"]
[Source "ChessBase"]
[SourceQuality "1"]
[TimeControl "40/5400+30:1800+30"]

1. d4 g6 2. c4 Bg7 3. Nc3 c5 4. d5 d6 5. e4 a6 6. Nf3 e6 7. Bd3 Ne7 8. O-O O-O 9. a4 h6 10. dxe6 Bxe6 11. Nd5 Nxd5 12. exd5 Bg4 13. h3 Bxf3 14. Qxf3 Nd7 15. Rb1 Ne5 16. Qe2 Re8 17. Qc2 Rc8 18. b3 Qh4 19. Bb2 Rc7 20. f4 Nxd3 21. Qxd3 Rce7 22. Bxg7 Re3 23. Qd1 Kxg7 24. Qg4 Qxg4 25. hxg4 a5 26. Rf3 Re2 27. Rbf1 R8e4 28. R1f2 Rxf2 29. Kxf2 Kf6 30. g3 h5 31. gxh5 gxh5 32. Rd3 Kf5 33. Rd1 h4 34. gxh4 Rxf4+ 35. Kg3 Rg4+ 36. Kh3 Rf4 37. Kg3 b6 38. Re1 Rg4+ 39. Kh3 Rd4 40. Rf1+ Rf4 41. Rb1 Rf3+ 42. Kg2 Kg4 43. h5 Rg3+ 44. Kf2 Rh3 45. Rg1+ Kxh5 46. Rg7 Rxb3 47. Rxf7 Rb4 48. Rb7 Rxa4 49. Rxb6 Rxc4 50. Rxd6 Rd4 51. Ra6 Rxd5 52. Rxa5 Re5 53. Kf3 Kg5 54. Ra8 Kf6 55. Kf4 Rh5 56. Ra6+ Ke7 57. Ke4 Kd7 58. Kd3 Rh4 59. Kc3 Kc7 60. Rg6 c4 1/2-1/2

[Event "AUT-ch 2018"]
[Site "Vienna"]
[Date "2018.07.29"]
[Round "9"]
[White "Ehs, Dominik"]
[Black "Gelbenegger, Patrick"]
[Result "1/2-1/2"]
[ECO "C01"]
[WhiteElo "2097"]
[BlackElo "2260"]
[Annotator "NA"]
[PlyCount "59"]
[EventDate "2018.07.22"]
[EventType "swiss"]
[EventCountry "AUT"]
[SourceTitle "playchess.com"]
[Source "ChessBase"]
[SourceQuality "1"]
[TimeControl "40/5400+30:1800+30"]

1. e4 e6 2. d4 d5 3. exd5 exd5 4. Nf3 Bf5 5. Bd3 Bxd3 6. Qxd3 Nf6 7. Bf4 Bd6 8. Bxd6 Qxd6 9. O-O O-O 10. Nbd2 Nbd7 11. c3 c6 12. Rfe1 Rfe8 13. Rxe8+ Rxe8 14. Re1 Rxe1+ 15. Nxe1 Qe7 16. Kf1 Ne4 17. Nef3 Nxd2+ 18. Nxd2 Nf6 19. Qe2 Kf8 20. Qxe7+ Kxe7 21. Ke2 Ne4 22. f3 Nxd2 23. Kxd2 f6 24. Ke3 Ke6 25. f4 f5 26. g3 g6 27. h4 h5 28. Kd3 b5 29. b4 Kd6 30. a3 {[%emt 0:00:07] Ke5 Ke4+} 1/2-1/2

[Event "AUT-ch 2018"]
[Site "Vienna"]
[Date "2018.07.29"]
[Round "9"]
[White "Jedinger, Andreas"]
[Black "Neubauer, Martin"]
[Result "0-1"]
[ECO "C18"]
[WhiteElo "2090"]
[BlackElo "2439"]
[Annotator "NA"]
[PlyCount "84"]
[EventDate "2018.07.22"]
[EventType "swiss"]
[EventCountry "AUT"]
[SourceTitle "playchess.com"]
[Source "ChessBase"]
[SourceQuality "1"]
[TimeControl "40/5400+30:1800+30"]

1. e4 e6 2. d4 d5 3. Nc3 Bb4 4. e5 c5 5. a3 Bxc3+ 6. bxc3 Ne7 7. Qg4 Nf5 8. Bd3 h5 9. Qf4 Qh4 10. Ne2 Qxf4 11. Nxf4 Ne7 12. dxc5 Nbc6 13. c4 Nxe5 14. cxd5 Nxd3+ 15. cxd3 Nxd5 16. Nxd5 exd5 17. Rb1 Kd7 18. Bf4 Kc6 19. Kd2 Re8 20. Rb4 Re6 21. Rhb1 Kd7 22. Rxb7+ Bxb7 23. Rxb7+ Kc6 24. Rc7+ Kb5 25. Bd6 d4 26. Rb7+ Ka4 27. Rb4+ Kxa3 28. Rxd4 Kb3 29. c6 a5 30. c7 Rae8 31. Re4 Rxe4 32. dxe4 a4 33. Kd3 a3 34. Be5 f6 35. Bd4 a2 36. e5 fxe5 37. Bxe5 g6 38. h4 Rc8 39. Ke4 Rxc7 40. Bxc7 a1=Q 41. Be5 Qb1+ 42. Ke3 Qe1+ 0-1

[Event "AUT-ch 2018"]
[Site "Vienna"]
[Date "2018.07.29"]
[Round "9"]
[White "Pernerstorfer, Johannes"]
[Black "Kersten, Julian"]
[Result "0-1"]
[ECO "C01"]
[WhiteElo "2066"]
[BlackElo "1979"]
[Annotator "NA"]
[PlyCount "56"]
[EventDate "2018.07.22"]
[EventType "swiss"]
[EventCountry "AUT"]
[SourceTitle "playchess.com"]
[Source "ChessBase"]
[SourceQuality "1"]
[TimeControl "40/5400+30:1800+30"]

1. e4 e6 2. d4 d5 3. exd5 exd5 4. Nf3 Bd6 5. Bd3 Ne7 6. c3 Bg4 7. Be3 Nbc6 8. Nbd2 Qd7 9. Qc2 O-O-O 10. O-O-O f5 11. g3 Rdf8 12. h3 Bh5 13. Rde1 f4 14. gxf4 Bxf4 15. Ne5 Nxe5 16. dxe5 Bxe3 17. fxe3 Rf2 18. Rhf1 Rhf8 19. c4 g6 20. Rxf2 Rxf2 21. Qb3 dxc4 22. Nxc4 b6 23. Kb1 Qxh3 24. Rc1 Kb8 25. Qb5 Rf8 26. Qb4 Qd7 27. Na5 Qxd3+ 28. Ka1 Rf1 0-1

[Event "AUT-ch 2018"]
[Site "Vienna"]
[Date "2018.07.29"]
[Round "9"]
[White "Gutmann, Alois"]
[Black "Hofegger, Jakob"]
[Result "0-1"]
[ECO "C00"]
[WhiteElo "2062"]
[BlackElo "2147"]
[Annotator "NA"]
[PlyCount "74"]
[EventDate "2018.07.22"]
[EventType "swiss"]
[EventCountry "AUT"]
[SourceTitle "playchess.com"]
[Source "ChessBase"]
[SourceQuality "1"]
[TimeControl "40/5400+30:1800+30"]

1. e4 e6 2. b3 c5 3. Bb2 Nf6 4. Nc3 d6 5. f4 Be7 6. Bb5+ Bd7 7. Qe2 a6 8. Bxd7+ Qxd7 9. e5 dxe5 10. fxe5 Nd5 11. Qg4 g6 12. Ne4 Nc6 13. O-O-O O-O-O 14. Nf3 Kb8 15. h4 h5 16. Qg3 c4 17. bxc4 Ndb4 18. Nd6 Nxa2+ 19. Kb1 Ncb4 20. c3 Qa4 21. cxb4 Nxb4 22. Nd4 Qa2+ 23. Kc1 Rxd6 24. exd6 Qxc4+ 25. Bc3 Bf6 26. d7+ Ka8 27. Qd6 Nd5 28. Rh3 Be7 29. Qe5 Rd8 30. Kb2 Nb6 31. Qa5 Na4+ 32. Kb1 Rxd7 33. Re1 Rd5 34. d3 Nxc3+ 35. Kc2 Qxd4 36. Qc7 Rc5 37. Qxe7 Nd5+ 0-1

[Event "AUT-ch 2018"]
[Site "Vienna"]
[Date "2018.07.29"]
[Round "9"]
[White "Thoma, Wilhelm Jun"]
[Black "Ebner, Johann"]
[Result "1/2-1/2"]
[ECO "A17"]
[WhiteElo "2007"]
[BlackElo "2079"]
[Annotator "NA"]
[PlyCount "64"]
[EventDate "2018.07.22"]
[EventType "swiss"]
[EventCountry "AUT"]
[SourceTitle "playchess.com"]
[Source "ChessBase"]
[SourceQuality "1"]
[TimeControl "40/5400+30:1800+30"]

1. Nf3 Nf6 2. c4 e6 3. Nc3 Bb4 4. Qc2 O-O 5. a3 Bxc3 6. Qxc3 c5 7. g3 b6 8. Bg2 Bb7 9. O-O d6 10. d4 cxd4 11. Qxd4 Nc6 12. Qh4 Ne7 13. Bg5 Ng6 14. Qd4 e5 15. Bxf6 Qxf6 16. Qd2 Rad8 17. Ng5 Bxg2 18. Kxg2 h6 19. Ne4 Qe6 20. Qd5 Qg4 21. e3 Ne7 22. h3 Qg6 23. Qb7 d5 24. Nc3 Qe6 25. cxd5 Nxd5 26. Qxa7 Nxc3 27. bxc3 Qc6+ 28. Kg1 Rd7 29. Qa6 Ra8 30. Qe2 Qxc3 31. Qb5 Rda7 32. Qxb6 Rxa3 1/2-1/2